Map: Blackburn LE

Players

Scarlett - Winner!

  • Race: Zerg Zerg

Semper

  • Race: Terran Terran

Event: DreamHack SC2 Masters 2021 Fall

VOD

Have the link to the VOD?

Description

Time

  • Played on: Aug. 7, 2021, 4:08 p.m.
  • Length: 12:49

All games in this series

Show
View Real Time Build Order
Export as new Build Order

Scarlett Zerg - Winner!

Build Orders: Hatch First, Ravager All-In 

Get SALT Encoding   

  12  0:00  Drone  
  13  0:12  Overlord  
  13  0:16  Drone  
  14  0:30  Drone x2  
  16  0:47  Hatchery  
  15  0:50  Drone  
  15  0:54  Drone  
  17  0:57  Drone  
  18  1:08  Extractor  
  17  1:12  Spawning Pool  
  17  1:16  Drone  
  17  1:20  Drone  
  18  1:27  Drone  
  19  1:52  Drone x2  
  19  1:53  Extractor  
  20  1:58  Roach Warren  
  20  2:00  Queen x2  
  23  2:05  Drone  
  24  2:12  Overlord  
  24  2:20  Zergling x2  
  24  2:21  Drone  
  26  2:32  Overlord  
  26  2:39  Roach x2  
  30  2:46  Roach  
  30  2:51  Roach  
  34  2:55  Roach  
  36  3:03  Ravager x2  
  38  3:08  Overlord  
  38  3:16  Overlord  
  38  3:26  Drone  
  38  3:27  Ravager, Drone  
  40  3:28  Ravager  
  40  3:32  Ravager  
  43  3:43  Drone  
  43  3:44  Drone x2  
  46  4:00  Hatchery  
  45  4:04  Drone  
  45  4:07  Queen  
  48  4:11  Drone  
  49  4:19  Drone  
  50  4:28  Drone  
  51  4:43  Drone  
  51  4:45  Hatchery  
  48  4:51  Drone x3  
  51  4:55  Metabolic Boost  
  51  5:00  Drone  
  51  5:05  Drone  
  53  5:12  Drone  
  56  5:18  Queen  
  58  5:24  Drone x2  
  58  5:25  Lair  
  58  5:26  Drone x2  
  60  5:29  Overlord  
  60  5:39  Evolution Chamber  
  60  5:40  Evolution Chamber  
  60  5:41  Overlord  
  60  5:42  Drone x2  
  60  5:45  Extractor  
  59  5:51  Drone x3, Overlord  
  59  5:57  Spore Crawler  
  61  6:00  Drone x3  
  61  6:04  Drone x2  
  65  6:10  Zerg Ground Armor Level 1  
  66  6:13  Drone x3  
  69  6:19  Drone x3  
  69  6:24  Overseer  
  72  6:28  Spore Crawler  
  72  6:30  Drone x5  
  68  6:42  Drone x6  
  71  6:51  Zerg Missile Weapons Level 1, Drone x4  
  71  6:53  Spore Crawler  
  74  6:59  Zergling x2, Drone  
  74  7:00  Drone x3  
  77  7:08  Drone x3  
  78  7:12  Glial Reconstitution  
  78  7:13  Queen  
  80  7:17  Extractor  
  80  7:18  Extractor x2  
  80  7:19  Roach x2  
  78  7:26  Roach  
  78  7:27  Drone, Overlord x2  
  78  7:28  Drone x2  
  82  7:31  Overlord  
  82  7:43  Overlord  
  82  7:48  Hatchery  
  81  7:51  Drone  
  81  7:53  Drone x6  
  81  7:57  Roach x4  
  96  7:58  Spore Crawler  
  96  7:59  Overseer  
  96  8:03  Roach x3  
  101  8:12  Zerg Ground Armor Level 2  
  101  8:15  Overlord x2  
  101  8:18  Drone x5  
  106  8:28  Drone x4  
  110  8:35  Drone x2  
  110  8:36  Drone  
  110  8:38  Spore Crawler, Roach x2  
  116  8:43  Overlord x5  
  116  8:49  Zerg Missile Weapons Level 2  
  116  8:50  Roach x2  
  116  8:51  Roach  
  126  8:55  Roach x2  
  126  8:56  Extractor  
  126  8:58  Extractor  
  126  8:59  Pneumatized Carapace  
  126  9:00  Roach  
  126  9:03  Roach x2  
  126  9:09  Roach  
  138  9:10  Roach x3  
  138  9:14  Ravager x7  
  138  9:15  Ravager x5  
  150  9:19  Roach x2  
  150  9:22  Roach x2  
  158  9:26  Infestation Pit  
  158  9:28  Drone x4  
  161  9:37  Roach x6  
  173  9:38  Overlord  
  173  9:41  Overlord  
  173  9:48  Roach  
  174  9:59  Ravager x3  
  177  10:00  Ravager  
  177  10:01  Ravager x2  
  177  10:02  Roach x5  
  178  10:17  Hive  
  178  10:19  Hydralisk Den  
  178  10:20  Drone  
  166  10:27  Overseer, Hatchery  
  162  10:28  Overlord  
  162  10:29  Roach x2  
  162  10:30  Roach x12  
  162  10:31  Ravager  
  162  10:35  Overlord  
  191  10:52  Roach  
  191  10:53  Roach x3  
  199  10:57  Muscular Augments, Lurker Den  
  194  11:15  Roach x6  
  189  11:23  Lair  
  189  11:24  Lurker Den  
  154  11:26  Drone x11, Hydralisk Den  
  157  11:47  Drone  
  157  11:49  Drone  
  157  11:50  Extractor, Drone x7  
  157  11:52  Extractor  
  164  12:03  Drone  
  164  12:04  Drone x3  
  164  12:05  Spore Crawler  
  164  12:06  Spore Crawler  
  166  12:09  Roach  
  166  12:10  Roach x2  
  166  12:14  Hatchery  
  171  12:20  Roach x2  
  171  12:22  Roach x3  
Show
View Real Time Build Order
Export as new Build Order

Semper Terran 

Build Orders:  

Get SALT Encoding   

  12  0:10  Supply Depot  
  12  0:14  SCV  
  13  0:26  SCV  
  14  0:36  Barracks  
  14  0:50  Barracks  
  14  0:53  SCV  
  15  1:05  SCV  
  16  1:17  SCV  
  17  1:23  Marine  
  18  1:30  SCV  
  19  1:40  Bunker  
  19  1:41  Bunker x2  
  19  1:44  Marine  
  20  1:47  Marine  
  20  1:53  Refinery  
  22  2:04  Supply Depot  
  22  2:05  Marine  
  22  2:09  Marine  
  23  2:23  Refinery  
  23  2:27  Orbital Command  
  23  2:32  Marine  
  24  2:37  Marine  
  25  2:55  Factory  
  25  3:01  SCV  
  25  3:13  SCV  
  26  3:25  SCV  
  26  3:26  Supply Depot  
  27  3:40  Starport  
  27  3:42  SCV  
  27  3:43  Factory Tech Lab  
  27  4:02  Cyclone  
  27  4:03  Bunker, SCV  
  28  4:15  SCV  
  28  4:16  Starport Tech Lab  
  29  4:27  SCV  
  29  4:36  Banshee  
  32  4:39  SCV  
  31  4:49  Supply Depot  
  31  4:53  Supply Depot  
  31  5:00  Command Center  
  31  5:03  Cloaking Field  
  31  5:08  Factory Tech Lab  
  31  5:09  Factory Reactor  
  31  5:11  SCV  
  32  5:19  Banshee  
  35  5:26  SCV  
  36  5:38  SCV  
  37  5:47  Command Center  
  37  5:49  Hellion  
  39  5:54  Hellion  
  41  6:00  SCV  
  42  6:09  Barracks Tech Lab  
  42  6:15  Hellion  
  42  6:16  Hellion  
  46  6:20  SCV  
  46  6:25  Banshee  
  50  6:35  SCV  
  51  6:45  Hellion  
  51  6:46  Hellion  
  56  6:47  Marine, Stimpack  
  56  6:50  Orbital Command  
  56  6:58  SCV  
  55  7:09  Supply Depot  
  55  7:12  Marine  
  55  7:15  Orbital Command, Barracks  
  55  7:20  Barracks  
  53  7:26  SCV  
  53  7:27  SCV  
  55  7:32  Marine, Supply Depot  
  55  7:33  Siege Tank  
  59  7:38  SCV  
  59  7:40  SCV  
  59  7:42  Starport Reactor  
  61  7:50  Marine, SCV  
  63  7:54  Orbital Command  
  63  7:56  SCV  
  63  7:57  Engineering Bay  
  63  7:58  Engineering Bay  
  64  8:03  Marine x2  
  64  8:05  Siege Tank  
  69  8:06  SCV  
  70  8:18  SCV, Barracks  
  70  8:19  SCV  
  72  8:20  Refinery x2  
  72  8:21  Barracks  
  72  8:24  Barracks Reactor  
  72  8:25  SCV  
  73  8:27  Terran Infantry Armor Level 1, Terran Infantry Weapons Level 1  
  73  8:33  Marine  
  73  8:34  Marine x2, Combat Shield  
  74  8:36  SCV  
  74  8:37  SCV  
  78  8:42  Medivac  
  78  8:44  SCV  
  78  8:47  Medivac  
  83  8:49  SCV x2  
  85  8:56  Supply Depot  
  85  8:58  SCV, Supply Depot  
  85  8:59  Marine  
  85  9:01  SCV  
  88  9:08  SCV  
  88  9:09  Barracks Reactor  
  89  9:10  Barracks Reactor, SCV, Siege Tank  
  89  9:14  Supply Depot  
  93  9:17  Marine  
  93  9:18  Marine x4, SCV  
  93  9:22  SCV  
  100  9:25  Medivac  
  100  9:26  Medivac  
  104  9:32  SCV  
  104  9:35  SCV x2  
  104  9:37  Refinery  
  107  9:41  Supply Depot x2  
  107  9:42  Siege Tank  
  107  9:43  Marine  
  106  10:04  Supply Depot  
  106  10:05  Supply Depot  
  104  10:08  Marine x5  
  104  10:12  Marine x2  
  104  10:13  Marine  
  101  10:22  Orbital Command  
  101  10:25  Marine x3, SCV x2, Siege Tank  
  101  10:26  Marine x2  
  101  10:27  Marauder  
  101  10:28  Supply Depot x2  
  113  10:37  SCV  
  113  10:40  Marine x3  
  117  10:45  Marine  
  117  10:49  Marine x3, SCV  
  121  10:54  Armory  
  121  10:55  Supply Depot  
  121  10:56  SCV  
  121  11:08  SCV  
  115  11:11  Marine  
  115  11:12  Marine x3, Marauder  
  115  11:17  Siege Tank  
  115  11:21  Marine  
  115  11:22  Marine x3  
  111  11:29  Marine, SCV  
  111  11:30  Marine  
  111  11:31  Marine  
  111  11:32  Marine  
  112  11:33  Marine  
  112  11:38  Medivac  
  112  11:39  Medivac  
  114  11:48  Marine  
  114  11:50  Marine x6  
  114  11:51  Marine  
  119  12:01  Siege Tank  
  122  12:02  Marine  
  122  12:04  Orbital Command  
  122  12:06  Marine  
  122  12:08  Marine x2  
  125  12:15  Marine  
  125  12:28  Marine  

Tags
 
Add a new tag
Caveats
  • Supply blocks, unpowered buildings, or Contaminate may cause inaccurate times.
  • Supply counts are checked every 10 seconds.